Workbook

Sheet Orçamento Sintético
D1: Obra | E1: Bancos | G1: B.D.I. | I1: Encargos Sociais
D2: URBANIZAÇÃO DA ORLA DO RIO ARAGUAIA EM SANTA MARIA DAS BARREIRAS | E2: SINAPI - 02/2026 - Pará | G2: 0.25 | I2: Desonerado: embutido nos preços unitário dos insumos de mão de obra, de acordo com as bases.
A3: Orçamento Sintético
A4: Item | B4: Código | C4: Banco | D4: Descrição | E4: Und | F4: Quant. | G4: Valor Unit | H4: Valor Unit com BDI | I4: Total | J4: Peso (%)
A5: 1 | D5: SERVIÇOS PRELIMINARES | I5: =SUM(I6:I7) -> 74022.44 | J5: 0.023200459
A6: 1.1 | B6: 103689 | C6: SINAPI | D6: FORNECIMENTO E INSTALAÇÃO DE PLACA DE OBRA COM CHAPA GALVANIZADA E ESTRUTURA DE MADEIRA. AF_03/2022_PS | E6: m² | F6: 6 | G6: 473.56 | H6: =ROUND(G6+G6*$G$2,2) -> 591.95 | I6: =ROUND(F6*H6,2) -> 3551.7 | J6: 0.0010209439
A7: 1.2 | B7: 98459 | C7: SINAPI | D7: TAPUME COM TELHA METÁLICA. AF_03/2024 | E7: m² | F7: 572.7 | G7: 98.44 | H7: =ROUND(G7+G7*$G$2,2) -> 123.05 | I7: =ROUND(F7*H7,2) -> 70470.74 | J7: 0.022179515
A8: 2 | D8: MOBILIZAÇÃO/DESMOBILIZAÇÃO | I8: =SUM(I9:I10) -> 7610.1 | J8: 0.0081874982
A9: 2.1 | B9: MOB | C9: Próprio | D9: MOBILIZAÇÃO | E9: UN | F9: 1 | G9: =MOBILIZAÇÃO!I15 -> 3044.04 | H9: =ROUND(G9+G9*$G$2,2) -> 3805.05 | I9: =ROUND(F9*H9,2) -> 3805.05 | J9: 0.0081874982
B10: MOB | C10: Próprio | D10: DESMOBILIZAÇÃO | E10: UM | F10: 1 | G10: =MOBILIZAÇÃO!I15 -> 3044.04 | H10: =ROUND(G10+G10*$G$2,2) -> 3805.05 | I10: =ROUND(F10*H10,2) -> 3805.05
A11: 3 | D11: ADMINISTRAÇÃO LOCAL DA OBRA | I11: =I12 -> 51012.6 | J11: 0.013378678
A12: 3.1 | B12: ADMCAM | C12: Próprio | D12: ADMINISTRAÇÃO LOCAL | E12: UND | F12: 1 | G12: ='ADM LOCAL'!I15 -> 40810.08 | H12: =ROUND(G12+G12*$G$2,2) -> 51012.6 | I12: =ROUND(F12*H12,2) -> 51012.6 | J12: 0.013378678
A13: 4 | D13: INSTALAÇÃO DE CANTEIRO DE OBRA | I13: =SUM(I14:I15) -> 15058.25 | J13: 0.0041374885
A14: 4.1 | B14: BAR DE OBRA | C14: Próprio | D14: BARRACÃO DE OBRA | E14: UN | F14: 1 | G14: =COMPOSIÇÕES!I34 -> 9926.85 | H14: =ROUND(G14+G14*$G$2,2) -> 12408.56 | I14: =ROUND(F14*H14,2) -> 12408.56 | J14: 0.0034119816
A15: 4.2 | B15: 101505 | C15: SINAPI | D15: ENTRADA DE ENERGIA ELÉTRICA, AÉREA, TRIFÁSICA, COM CAIXA DE SOBREPOR, CABO DE 10 MM2 E DISJUNTOR DIN 50A (NÃO INCLUSO O POSTE DE CONCRETO). AF_07/2020_PS | E15: UN | F15: 1 | G15: 2119.75 | H15: =ROUND(G15+G15*$G$2,2) -> 2649.69 | I15: =ROUND(F15*H15,2) -> 2649.69 | J15: 0.00072550695
A16: 5.0 | D16: MURO TRECHO 1- 172,81 M | I16: =I17+I20+I23+I28+I30+I36+I38+I45+I71 -> 1550362.7 | J16: 0.40985485
A17: 5.1 | D17: SERVIÇOS PRELIMINARES | I17: =SUM(I18:I19) -> 19862.54 | J17: 0.0036454759
A18: 5.1.1 | B18: 98524 | C18: SINAPI | D18: LIMPEZA MANUAL DE VEGETAÇÃO EM TERRENO COM ENXADA. AF_03/2024 | E18: m² | F18: 600 | G18: 5.47 | H18: =ROUND(G18+G18*$G$2,2) -> 6.84 | I18: =ROUND(F18*H18,2) -> 4104 | J18: 0.0010916664
A19: 5.1.2 | B19: 99059 | C19: SINAPI | D19: LOCAÇÃO CONVENCIONAL DE OBRA, UTILIZANDO GABARITO DE TÁBUAS CORRIDAS PONTALETADAS A CADA 2,00M - 2 UTILIZAÇÕES. AF_03/2024 | E19: M | F19: 172.81 | G19: 72.95 | H19: =ROUND(G19+G19*$G$2,2) -> 91.19 | I19: =ROUND(F19*H19,2) -> 15758.54 | J19: 0.0025538095
A20: 5.2 | D20: FUNDAÇÃO | I20: =SUM(I21:I22) -> 207677.89 | J20: 0.048334739
A21: 5.2.1 | B21: 102487 | C21: SINAPI | D21: CONCRETO CICLÓPICO FCK = 15MPA, 30% PEDRA DE MÃO EM VOLUME REAL, INCLUSIVE LANÇAMENTO. AF_05/2021 | E21: m³ | F21: 195.32 | G21: 846.61 | H21: =ROUND(G21+G21*$G$2,2) -> 1058.26 | I21: =ROUND(F21*H21,2) -> 206699.34 | J21: 0.04811109
A22: 5.2.2 | B22: 101115 | C22: SINAPI | D22: ESCAVAÇÃO HORIZONTAL EM SOLO DE 1A CATEGORIA COM TRATOR DE ESTEIRAS (150HP/LÂMINA: 3,18M3). AF_07/2020 | E22: m³ | F22: 195.32 | G22: 4.01 | H22: =ROUND(G22+G22*$G$2,2) -> 5.01 | I22: =ROUND(F22*H22,2) -> 978.55 | J22: 0.00022364897
A23: 5.3 | D23: ESTRUTURA | I23: =SUM(I24:I27) -> 847591.43 | J23: 0.23195567
A24: 5.3.1 | B24: 102487 | C24: SINAPI | D24: CONCRETO CICLÓPICO FCK = 15MPA, 30% PEDRA DE MÃO EM VOLUME REAL, INCLUSIVE LANÇAMENTO. AF_05/2021 | E24: m³ | F24: 768.27 | G24: =G21 -> 846.61 | H24: =ROUND(G24+G24*$G$2,2) -> 1058.26 | I24: =ROUND(F24*H24,2) -> 813029.41 | J24: 0.20848139
A25: 5.3.2 | B25: 100341 | C25: SINAPI | D25: FABRICAÇÃO E MONTAGEM E DESMONTAGEM DE FORMA PARA CORTINA, 10 UTILIZAÇÕS | E25: m² | F25: 464.14 | G25: 44.53 | H25: =ROUND(G25+G25*$G$2,2) -> 55.66 | I25: =ROUND(F25*H25,2) -> 25834.03 | J25: 0.021629094
A26: 5.3.3 | B26: 92762 | C26: SINAPI | D26: ARMAÇÃO DE PILAR OU VIGA DE ESTRUTURA CONVENCIONAL DE CONCRETO ARMADO UTILIZANDO AÇO CA-50 DE 10,0 MM - MONTAGEM. AF_06/2022 | E26: KG | F26: 469.14 | G26: 10.64 | H26: =ROUND(G26+G26*$G$2,2) -> 13.3 | I26: =ROUND(F26*H26,2) -> 6239.56 | J26: 0.0012253766
A27: 5.3.4 | B27: 92759 | C27: SINAPI | D27: ARMAÇÃO DE PILAR OU VIGA DE ESTRUTURA CONVENCIONAL DE CONCRETO ARMADO UTILIZANDO AÇO CA-60 DE 5,0 MM - MONTAGEM. AF_06/2022 | E27: KG | F27: 140.51 | G27: 14.17 | H27: =ROUND(G27+G27*$G$2,2) -> 17.71 | I27: =ROUND(F27*H27,2) -> 2488.43 | J27: 0.00061981035
A28: 5.4 | D28: DRENAGEM | I28: =I29 -> 11945.4 | J28: 0.0032780297
A29: 5.4.1 | B29: BARB | C29: Próprio | D29: BARBACAN COM TUBO 50 MM | E29: UN | F29: 129 | G29: =COMPOSIÇÕES!I44 -> 74.08 | H29: =ROUND(G29+G29*$G$2,2) -> 92.6 | I29: =ROUND(F29*H29,2) -> 11945.4 | J29: 0.0032780297
A30: 5.5 | D30: TERRAPLENAGEM | I30: =SUM(I31:I35) -> 93340.85 | J30: 0.021602681
A31: 5.5.1 | B31: 101115 | C31: SINAPI | D31: ESCAVAÇÃO HORIZONTAL EM SOLO DE 1A CATEGORIA COM TRATOR DE ESTEIRAS (150HP/LÂMINA: 3,18M3). AF_07/2020 | E31: m³ | F31: 1620.01 | G31: 4.01 | H31: =ROUND(G31+G31*$G$2,2) -> 5.01 | I31: =ROUND(F31*H31,2) -> 8116.25 | J31: 0.0018146
A32: 5.5.2 | B32: 100973 | C32: SINAPI | D32: CARGA, MANOBRA E DESCARGA DE SOLOS E MATERIAIS GRANULARES EM CAMINHÃO BASCULANTE 6 M³ - CARGA COM PÁ CARREGADEIRA (CAÇAMBA DE 1,7 A 2,8 M³ / 128 HP) E DESCARGA LIVRE (UNIDADE: M3). AF_07/2020 | E32: m³ | F32: 2025.01 | G32: 9.03 | H32: =ROUND(G32+G32*$G$2,2) -> 11.29 | I32: =ROUND(F32*H32,2) -> 22862.36 | J32: 0.0056658535
A33: 5.5.3 | B33: 97913 | C33: SINAPI | D33: TRANSPORTE COM CAMINHÃO BASCULANTE DE 6 M³, EM VIA URBANA EM REVESTIMENTO PRIMÁRIO (UNIDADE: M3XKM). AF_07/2020 | E33: M3XKM | F33: 10125.05 | G33: 3.6 | H33: =ROUND(G33+G33*$G$2,2) -> 4.5 | I33: =ROUND(F33*H33,2) -> 45562.73 | J33: 0.01014993
A34: 5.5.4 | B34: 100574 | C34: SINAPI | D34: ESPALHAMENTO DE MATERIAL COM TRATOR DE ESTEIRAS. AF_09/2024 | E34: m³ | F34: 1620.01 | G34: 1.49 | H34: =ROUND(G34+G34*$G$2,2) -> 1.86 | I34: =ROUND(F34*H34,2) -> 3013.22 | J34: 0.0006785682
A35: 5.5.5 | B35: 96386 | C35: SINAPI | D35: EXECUÇÃO E COMPACTAÇÃO DE CORPO DE ATERRO (95% DE ENERGIA DO PROCTOR NORMAL) COM SOLO PREDOMINANTEMENTE ARENOSO ESPESSURA 15CM - EXCLUSIVE MATERIAL, ESCAVAÇÃO, CARGA E TRANSPORTE. AF_09/2024 | E35: m³ | F35: 1620.01 | G35: 6.81 | H35: =ROUND(G35+G35*$G$2,2) -> 8.51 | I35: =ROUND(F35*H35,2) -> 13786.29 | J35: 0.0032937294
A36: 5.6 | D36: SERVIÇOS COMPLEMENTARES | I36: =I37 -> 93108.3 | J36: 0.021634861
A37: 5.6.1 | B37: GCMURO | C37: Próprio | D37: GUARDA CORPO MURO | E37: M | F37: 172.81 | G37: =COMPOSIÇÕES!I58 -> 431.03 | H37: =ROUND(G37+G37*$G$2,2) -> 538.79 | I37: =ROUND(F37*H37,2) -> 93108.3 | J37: 0.021634861
A38: 5.7 | D38: RAMPA DE EMBARQUE E DESEMBARQUE | I38: =SUM(I39:I44) -> 77625.12 | J38: 0.014040507
A39: 5.7.1 | B39: 100575 | C39: SINAPI | D39: REGULARIZAÇÃO DE SUPERFÍCIES COM MOTONIVELADORA. AF_09/2024 | E39: m² | F39: 390.5 | G39: 0.55 | H39: =ROUND(G39+G39*$G$2,2) -> 0.69 | I39: =ROUND(F39*H39,2) -> 269.45 | J39: 4.2502213e-05
A40: 5.7.2 | B40: 97083 | C40: SINAPI | D40: COMPACTAÇÃO MECÂNICA DE SOLO PARA EXECUÇÃO DE RADIER, PISO DE CONCRETO OU LAJE SOBRE SOLO, COM COMPACTADOR DE SOLOS A PERCUSSÃO. AF_09/2021 | E40: m² | F40: 390.5 | G40: 3.86 | H40: =ROUND(G40+G40*$G$2,2) -> 4.83 | I40: =ROUND(F40*H40,2) -> 1886.12 | J40: 0.00025850661
A41: 5.7.3 | B41: 100324 | C41: SINAPI | D41: LASTRO COM MATERIAL GRANULAR (PEDRA BRITADA N.1 E PEDRA BRITADA N.2), APLICADO EM PISOS OU LAJES SOBRE SOLO, ESPESSURA DE *10 CM*. AF_01/2024 | E41: m³ | F41: 19.53 | G41: 366.55 | H41: =ROUND(G41+G41*$G$2,2) -> 458.19 | I41: =ROUND(F41*H41,2) -> 8948.45 | J41: 0.0013139297
A42: 5.7.4 | B42: 92770 | C42: SINAPI | D42: ARMAÇÃO DE LAJE DE ESTRUTURA CONVENCIONAL DE CONCRETO ARMADO UTILIZANDO AÇO CA-50 DE 8,0 MM - MONTAGEM. AF_06/2022 | E42: KG | F42: 1139.48 | G42: 11.49 | H42: =ROUND(G42+G42*$G$2,2) -> 14.36 | I42: =ROUND(F42*H42,2) -> 16362.93 | J42: 0.0052448487
A43: 5.7.5 | B43: 102475 | C43: SINAPI | D43: CONCRETO FCK = 20MPA, TRAÇO 1:2,6:2,9 (EM MASSA SECA DE CIMENTO/ AREIA MÉDIA/ SEIXO ROLADO) - PREPARO MECÂNICO COM BETONEIRA 400 L. AF_05/2021 | E43: m³ | F43: 39.05 | G43: 684.44 | H43: =ROUND(G43+G43*$G$2,2) -> 855.55 | I43: =ROUND(F43*H43,2) -> 33409.23 | J43: 0.0048900251
A44: 5.7.6 | B44: 103670 | C44: SINAPI | D44: LANÇAMENTO COM USO DE BALDES, ADENSAMENTO E ACABAMENTO DE CONCRETO EM ESTRUTURAS. AF_02/2022 | E44: m³ | F44: 39.05 | G44: 343.13 | H44: =ROUND(G44+G44*$G$2,2) -> 428.91 | I44: =ROUND(F44*H44,2) -> 16748.94 | J44: 0.0022906946
A45: 5.8 | D45: ESCADARIA DE EMBARQUE E DESEMBARQUE | I45: =I46+I48+I50+I60 -> 132735.24 | J45: 0.051474258
A46: 5.8.1 | D46: LOCAÇÃO | I46: =I47 -> 1477.28 | J46: 0.00038449656
A47: 5.8.1.1 | B47: 99059 | C47: SINAPI | D47: LOCAÇÃO CONVENCIONAL DE OBRA, UTILIZANDO GABARITO DE TÁBUAS CORRIDAS PONTALETADAS A CADA 2,00M - 2 UTILIZAÇÕES. AF_03/2024 | E47: M | F47: 16.2 | G47: 72.95 | H47: =ROUND(G47+G47*$G$2,2) -> 91.19 | I47: =ROUND(F47*H47,2) -> 1477.28 | J47: 0.00038449656
A48: 5.8.2 | D48: MOVIMENTO DE TERRA | I48: =I49 -> 4297.43 | J48: 0.0012441038
A49: 5.8.2.1 | B49: 93358 | C49: SINAPI | D49: ESCAVAÇÃO MANUAL DE VALA. AF_09/2024 | E49: m³ | F49: 33.87 | G49: 101.5 | H49: =ROUND(G49+G49*$G$2,2) -> 126.88 | I49: =ROUND(F49*H49,2) -> 4297.43 | J49: 0.0012441038
A50: 5.8.3 | D50: FUNDAÇÃO | I50: =SUM(I51:I59) -> 36828.46 | J50: 0.010976817
A51: 5.8.3.1 | B51: 96617 | C51: SINAPI | D51: LASTRO DE CONCRETO MAGRO, APLICADO EM BLOCOS DE COROAMENTO OU SAPATAS, ESPESSURA DE 3 CM. AF_01/2024 | E51: m² | F51: 22.58 | G51: 26.71 | H51: =ROUND(G51+G51*$G$2,2) -> 33.39 | I51: =ROUND(F51*H51,2) -> 753.95 | J51: 0.00023019897
A52: 5.8.3.2 | B52: 96543 | C52: SINAPI | D52: ARMAÇÃO DE BLOCO UTILIZANDO AÇO CA-60 DE 5 MM - MONTAGEM. AF_01/2024 | E52: KG | F52: 111.5 | G52: 20.71 | H52: =ROUND(G52+G52*$G$2,2) -> 25.89 | I52: =ROUND(F52*H52,2) -> 2886.74 | J52: 0.00053229946
A53: 5.8.3.3 | B53: 96545 | C53: SINAPI | D53: ARMAÇÃO DE BLOCO UTILIZANDO AÇO CA-50 DE 8 MM - MONTAGEM. AF_01/2024 | E53: KG | F53: 171.5 | G53: 16.16 | H53: =ROUND(G53+G53*$G$2,2) -> 20.2 | I53: =ROUND(F53*H53,2) -> 3464.3 | J53: 8.0882293e-05
A54: 5.8.3.4 | B54: 96546 | C54: SINAPI | D54: ARMAÇÃO DE BLOCO UTILIZANDO AÇO CA-50 DE 10 MM - MONTAGEM. AF_01/2024 | E54: KG | F54: 341.1 | G54: 13.98 | H54: =ROUND(G54+G54*$G$2,2) -> 17.48 | I54: =ROUND(F54*H54,2) -> 5962.43 | J54: 0.0024791774
A55: 5.8.3.5 | B55: 92885 | C55: SINAPI | D55: ARMAÇÃO UTILIZANDO AÇO CA-25 DE 12,5 MM - MONTAGEM. AF_06/2022 | E55: KG | F55: 80 | G55: 11.13 | H55: =ROUND(G55+G55*$G$2,2) -> 13.91 | I55: =ROUND(F55*H55,2) -> 1112.8 | J55: 0.001386134
A56: 5.8.3.6 | B56: 92886 | C56: SINAPI | D56: ARMAÇÃO UTILIZANDO AÇO CA-25 DE 16,0 MM - MONTAGEM. AF_06/2022 | E56: KG | F56: 74.7 | G56: 10.53 | H56: =ROUND(G56+G56*$G$2,2) -> 13.16 | I56: =ROUND(F56*H56,2) -> 983.05 | J56: 0.00036151334
A57: 5.8.3.7 | B57: 96534 | C57: SINAPI | D57: FABRICAÇÃO, MONTAGEM E DESMONTAGEM DE FÔRMA PARA BLOCO DE COROAMENTO, EM MADEIRA SERRADA, E=25 MM, 4 UTILIZAÇÕES. AF_01/2024 | E57: m² | F57: 46.46 | G57: 93.27 | H57: =ROUND(G57+G57*$G$2,2) -> 116.59 | I57: =ROUND(F57*H57,2) -> 5416.77 | J57: 0.0013487379
A58: 5.8.3.8 | B58: 102475 | C58: SINAPI | D58: CONCRETO FCK = 20MPA, TRAÇO 1:2,6:2,9 (EM MASSA SECA DE CIMENTO/ AREIA MÉDIA/ SEIXO ROLADO) - PREPARO MECÂNICO COM BETONEIRA 400 L. AF_05/2021 | E58: m³ | F58: 12.65 | G58: 684.44 | H58: =ROUND(G58+G58*$G$2,2) -> 855.55 | I58: =ROUND(F58*H58,2) -> 10822.71 | J58: 0.002990249
A59: 5.8.3.9 | B59: 103670 | C59: SINAPI | D59: LANÇAMENTO COM USO DE BALDES, ADENSAMENTO E ACABAMENTO DE CONCRETO EM ESTRUTURAS. AF_02/2022 | E59: m³ | F59: 12.65 | G59: 343.13 | H59: =ROUND(G59+G59*$G$2,2) -> 428.91 | I59: =ROUND(F59*H59,2) -> 5425.71 | J59: 0.0014007594
A60: 5.8.4 | D60: ESTRUTURA | I60: =SUM(I61:I70) -> 90132.07 | J60: 0.038868841
A61: 5.8.4.1 | B61: 92768 | C61: SINAPI | D61: ARMAÇÃO DE LAJE DE ESTRUTURA CONVENCIONAL DE CONCRETO ARMADO UTILIZANDO AÇO CA-60 DE 5,0 MM - MONTAGEM. AF_06/2022 | E61: KG | F61: 148.2 | G61: 13.55 | H61: =ROUND(G61+G61*$G$2,2) -> 16.94 | I61: =ROUND(F61*H61,2) -> 2510.51 | J61: 0.00041146509
A62: 5.8.4.2 | B62: 92883 | C62: SINAPI | D62: ARMAÇÃO UTILIZANDO AÇO CA-25 DE 8,0 MM - MONTAGEM. AF_06/2022 | E62: KG | F62: 259.88 | G62: 11.92 | H62: =ROUND(G62+G62*$G$2,2) -> 14.9 | I62: =ROUND(F62*H62,2) -> 3872.21 | J62: 0.0016015649
A63: 5.8.4.3 | B63: 92771 | C63: SINAPI | D63: ARMAÇÃO DE LAJE UTILIZANDO AÇO CA-50 DE 10,0 MM - MONTAGEM. AF_06/2022 | E63: KG | F63: 431.2 | G63: 10.13 | H63: =ROUND(G63+G63*$G$2,2) -> 12.66 | I63: =ROUND(F63*H63,2) -> 5458.99 | J63: 0.0015016294
A64: 5.8.4.4 | B64: 92763 | C64: SINAPI | D64: ARMAÇÃO DE PILAR OU VIGAUTILIZANDO AÇO CA-50 DE 12,5 MM - MONTAGEM. AF_06/2022 | E64: KG | F64: 61.3 | G64: 8.88 | H64: =ROUND(G64+G64*$G$2,2) -> 11.1 | I64: =ROUND(F64*H64,2) -> 680.43 | J64: 0.00022874633
A65: 5.8.4.5 | B65: 92765 | C65: SINAPI | D65: ARMAÇÃO DE PILAR OU VIGA UTILIZANDO AÇO CA-50 DE 20,0 MM - MONTAGEM. AF_06/2022 | E65: KG | F65: 247.3 | G65: 9.65 | H65: =ROUND(G65+G65*$G$2,2) -> 12.06 | I65: =ROUND(F65*H65,2) -> 2982.44 | J65: 0.00060363331
A66: 5.8.4.6 | B66: 92766 | C66: SINAPI | D66: ARMAÇÃO DE PILAR OU VIGA UTILIZANDO AÇO CA-50 DE 25,0 MM - MONTAGEM. AF_06/2022 | E66: KG | F66: 85.1 | G66: 9.53 | H66: =ROUND(G66+G66*$G$2,2) -> 11.91 | I66: =ROUND(F66*H66,2) -> 1013.54 | J66: 0.0012148704
A67: 5.8.4.7 | B67: 92267 | C67: SINAPI | D67: FABRICAÇÃO DE FÔRMA PARA LAJES, EM CHAPA DE MADEIRA COMPENSADA RESINADA, E = 17 MM. AF_09/2020 | E67: m² | F67: 264.7 | G67: 59.67 | H67: =ROUND(G67+G67*$G$2,2) -> 74.59 | I67: =ROUND(F67*H67,2) -> 19743.97 | J67: 0.0054602214
A68: 5.8.4.8 | B68: 102475 | C68: SINAPI | D68: CONCRETO FCK = 20MPA, TRAÇO 1:2,6:2,9 (EM MASSA SECA DE CIMENTO/ AREIA MÉDIA/ SEIXO ROLADO) - PREPARO MECÂNICO COM BETONEIRA 400 L. AF_05/2021 | E68: m³ | F68: 35.88 | G68: 684.44 | H68: =ROUND(G68+G68*$G$2,2) -> 855.55 | I68: =ROUND(F68*H68,2) -> 30697.13 | J68: 0.014887681
A69: 5.8.4.9 | B69: 103670 | C69: SINAPI | D69: LANÇAMENTO COM USO DE BALDES, ADENSAMENTO E ACABAMENTO DE CONCRETO EM ESTRUTURAS. AF_02/2022 | E69: m³ | F69: 35.88 | G69: 343.13 | H69: =ROUND(G69+G69*$G$2,2) -> 428.91 | I69: =ROUND(F69*H69,2) -> 15389.29 | J69: 0.0069740192
A70: 5.8.4.10 | B70: 99842 | C70: SINAPI | D70: GUARDA-CORPO DE AÇO GALVANIZADO DE 1,10M, MONTANTES TUBULARES DE 1.1/4" ESPAÇADOS 1,20M TRAVESSA SUPERIOR DE 1.1/2", GRADIL FORMADO POR TUBOS HORIZONTAIS DE 1" E VERTICAIS DE 3/4", FIXADO COM ADESIVO ESTRUTURAL EPOXI | E70: M | F70: 12 | G70: 518.9 | H70: =ROUND(G70+G70*$G$2,2) -> 648.63 | I70: =ROUND(F70*H70,2) -> 7783.56
A71: 5.9 | D71: CALÇAMENTO | I71: =SUM(I72:I76) -> 66475.97 | J71: 0.01388862
A72: 5.9.1 | B72: 100973 | C72: SINAPI | D72: CARGA, MANOBRA E DESCARGA DE SOLOS E MATERIAIS GRANULARES EM CAMINHÃO BASCULANTE 6 M³ - CARGA COM PÁ CARREGADEIRA (CAÇAMBA DE 1,7 A 2,8 M³ / 128 HP) E DESCARGA LIVRE (UNIDADE: M3). AF_07/2020 | E72: m³ | F72: 30.24 | G72: 9.03 | H72: =ROUND(G72+G72*$G$2,2) -> 11.29 | I72: =ROUND(F72*H72,2) -> 341.41 | J72: 6.5176852e-05
A73: 5.9.2 | B73: 97913 | C73: SINAPI | D73: TRANSPORTE COM CAMINHÃO BASCULANTE DE 6 M³, EM VIA URBANA EM REVESTIMENTO PRIMÁRIO (UNIDADE: M3XKM). AF_07/2020 | E73: M3XKM | F73: 173.88 | G73: 3.6 | H73: =ROUND(G73+G73*$G$2,2) -> 4.5 | I73: =ROUND(F73*H73,2) -> 782.46 | J73: 0.00013426915
A74: 5.9.3 | B74: 92396 | C74: SINAPI | D74: EXECUÇÃO DE PASSEIO EM PISO INTERTRAVADO, COM BLOCO RETANGULAR NATURAL DE 20 X 10 CM, ESPESSURA 6 CM. AF_10/2022 | E74: m² | F74: 388.8 | G74: 95.21 | H74: =ROUND(G74+G74*$G$2,2) -> 119.01 | I74: =ROUND(F74*H74,2) -> 46271.09 | J74: 0.011220095
A75: 5.9.4 | B75: 94263 | C75: SINAPI | D75: GUIA (MEIO-FIO) CONCRETO, MOLDADA IN LOCO EM TRECHO RETO COM EXTRUSORA, 13 CM BASE X 22 CM ALTURA. AF_01/2024 | E75: M | F75: 172.8 | G75: 42.89 | H75: =ROUND(G75+G75*$G$2,2) -> 53.61 | I75: =ROUND(F75*H75,2) -> 9263.81 | J75: 0.0015968751
A76: 5.9.5 | B76: CPU 6 | C76: COMPOSIÇÃO | D76: PISO TATIL | E76: m² | F76: 43.2 | G76: 181.8 | H76: =ROUND(G76+G76*$G$2,2) -> 227.25 | I76: =ROUND(F76*H76,2) -> 9817.2 | J76: 0.00087220363
A77: 6 | D77: MURO TRECHO 2- 160 METROS | I77: =I78+I81+I86+I91+I93+I99+I101 -> 1786082.2 | J77: 0.54124103
A78: 6.1 | D78: SERVIÇOS PRELIMINARES | I78: =SUM(I79:I80) -> 20404.4 | J78: 0.0053440128
A79: 6.1.1 | B79: 98524 | C79: SINAPI | D79: LIMPEZA MANUAL DE VEGETAÇÃO EM TERRENO COM ENXADA. AF_03/2024 | E79: m² | F79: 850 | G79: 5.47 | H79: =ROUND(G79+G79*$G$2,2) -> 6.84 | I79: =ROUND(F79*H79,2) -> 5814 | J79: 0.0015465274
A80: 6.1.2 | B80: 99059 | C80: SINAPI | D80: LOCAÇÃO CONVENCIONAL DE OBRA, UTILIZANDO GABARITO DE TÁBUAS CORRIDAS PONTALETADAS A CADA 2,00M - 2 UTILIZAÇÕES. AF_03/2024 | E80: M | F80: 160 | G80: 72.95 | H80: =ROUND(G80+G80*$G$2,2) -> 91.19 | I80: =ROUND(F80*H80,2) -> 14590.4 | J80: 0.0037974854
A81: 6.2 | D81: FUNDAÇÃO | I81: =SUM(I82:I85) -> 305604.94 | J81: 0.086445495
A82: 6.2.1 | B82: 102487 | C82: SINAPI | D82: CONCRETO CICLÓPICO FCK = 15MPA, 30% PEDRA DE MÃO EM VOLUME REAL, INCLUSIVE LANÇAMENTO. AF_05/2021 | E82: m³ | F82: 240 | G82: 846.61 | H82: =ROUND(G82+G82*$G$2,2) -> 1058.26 | I82: =ROUND(F82*H82,2) -> 253982.4 | J82: 0.071540656
A83: 6.2.2 | B83: 100889 | C83: SINAPI | D83: ESTACA METÁLICA PARA FUNDAÇÃO, UTILIZANDO PERFIL LAMINADO HP250X62 (EXCLUSIVE MOBILIZAÇÃO E DESMOBILIZAÇÃO). AF_01/2020 | E83: KG | F83: 3224 | G83: 12.06 | H83: =ROUND(G83+G83*$G$2,2) -> 15.08 | I83: =ROUND(F83*H83,2) -> 48617.92 | J83: 0.01407813
A84: 6.2.3 | B84: 100951 | C84: SINAPI | D84: TRANSPORTE COM CAMINHÃO CARROCERIA COM GUINDAUTO (MUNCK), MOMENTO MÁXIMO DE CARGA 11,7 TM, EM VIA URBANA EM REVESTIMENTO PRIMÁRIO (UNIDADE: TXKM). AF_07/2020 | E84: TXKM | F84: 419.12 | G84: 3.44 | H84: =ROUND(G84+G84*$G$2,2) -> 4.3 | I84: =ROUND(F84*H84,2) -> 1802.22 | J84: 0.00049414353
A85: 6.2.4 | B85: 101115 | C85: SINAPI | D85: ESCAVAÇÃO HORIZONTAL EM SOLO DE 1A CATEGORIA COM TRATOR DE ESTEIRAS (150HP/LÂMINA: 3,18M3). AF_07/2020 | E85: m³ | F85: 240 | G85: 4.01 | H85: =ROUND(G85+G85*$G$2,2) -> 5.01 | I85: =ROUND(F85*H85,2) -> 1202.4 | J85: 0.00033256526
A86: 6.3 | D86: ESTRUTURA | I86: =SUM(I87:I90) -> 1139690.1 | J86: 0.34491657
A87: 6.3.1 | B87: 102487 | C87: SINAPI | D87: CONCRETO CICLÓPICO FCK = 15MPA, 30% PEDRA DE MÃO EM VOLUME REAL, INCLUSIVE LANÇAMENTO. AF_05/2021 | E87: m³ | F87: 1040 | G87: 846.61 | H87: =ROUND(G87+G87*$G$2,2) -> 1058.26 | I87: =ROUND(F87*H87,2) -> 1100590.4 | J87: 0.31000951
A88: 6.3.2 | B88: 100341 | C88: SINAPI | D88: FABRICAÇÃO E MONTAGEM E DESMONTAGEM DE FORMA PARA CORTINA, 10 UTILIZAÇÕS | E88: m² | F88: 543.47 | G88: 44.53 | H88: =ROUND(G88+G88*$G$2,2) -> 55.66 | I88: =ROUND(F88*H88,2) -> 30249.54 | J88: 0.032162536
A89: 6.3.3 | B89: 92762 | C89: SINAPI | D89: ARMAÇÃO DE PILAR OU VIGA DE ESTRUTURA CONVENCIONAL DE CONCRETO ARMADO UTILIZANDO AÇO CA-50 DE 10,0 MM - MONTAGEM. AF_06/2022 | E89: KG | F89: 434.37 | G89: 10.64 | H89: =ROUND(G89+G89*$G$2,2) -> 13.3 | I89: =ROUND(F89*H89,2) -> 5777.12 | J89: 0.0018221426
A90: 6.3.4 | B90: 92759 | C90: SINAPI | D90: ARMAÇÃO DE PILAR OU VIGA DE ESTRUTURA CONVENCIONAL DE CONCRETO ARMADO UTILIZANDO AÇO CA-60 DE 5,0 MM - MONTAGEM. AF_06/2022 | E90: KG | F90: 173.52 | G90: 14.17 | H90: =ROUND(G90+G90*$G$2,2) -> 17.71 | I90: =ROUND(F90*H90,2) -> 3073.04 | J90: 0.00092237953
A91: 6.4 | D91: DRENAGEM | I91: =I92 -> 17779.2 | J91: 0.004878928
A92: 6.4.1 | B92: BARB | C92: Próprio | D92: BARBACAN COM TUBO 50 MM | E92: UN | F92: 192 | G92: =COMPOSIÇÕES!I44 -> 74.08 | H92: =ROUND(G92+G92*$G$2,2) -> 92.6 | I92: =ROUND(F92*H92,2) -> 17779.2 | J92: 0.004878928
A93: 6.5 | D93: TERRAPLENAGEM | I93: =SUM(I94:I98) -> 154845.38 | J93: 0.046833002
A94: 6.5.1 | B94: 101115 | C94: SINAPI | D94: ESCAVAÇÃO HORIZONTAL EM SOLO DE 1A CATEGORIA COM TRATOR DE ESTEIRAS (150HP/LÂMINA: 3,18M3). AF_07/2020 | E94: m³ | F94: 2687.47 | G94: 4.01 | H94: =ROUND(G94+G94*$G$2,2) -> 5.01 | I94: =ROUND(F94*H94,2) -> 13464.22 | J94: 0.0039339146
A95: 6.5.2 | B95: 100973 | C95: SINAPI | D95: CARGA, MANOBRA E DESCARGA DE SOLOS E MATERIAIS GRANULARES EM CAMINHÃO BASCULANTE 6 M³ - CARGA COM PÁ CARREGADEIRA (CAÇAMBA DE 1,7 A 2,8 M³ / 128 HP) E DESCARGA LIVRE (UNIDADE: M3). AF_07/2020 | E95: m³ | F95: 3359.34 | G95: 9.03 | H95: =ROUND(G95+G95*$G$2,2) -> 11.29 | I95: =ROUND(F95*H95,2) -> 37926.95 | J95: 0.012283151
A96: 6.5.3 | B96: 97913 | C96: SINAPI | D96: TRANSPORTE COM CAMINHÃO BASCULANTE DE 6 M³, EM VIA URBANA EM REVESTIMENTO PRIMÁRIO (UNIDADE: M3XKM). AF_07/2020 | E96: M3XKM | F96: 16796.7 | G96: 3.6 | H96: =ROUND(G96+G96*$G$2,2) -> 4.5 | I96: =ROUND(F96*H96,2) -> 75585.15 | J96: 0.022004301
A97: 6.5.4 | B97: 100574 | C97: SINAPI | D97: ESPALHAMENTO DE MATERIAL COM TRATOR DE ESTEIRAS. AF_09/2024 | E97: m³ | F97: 2687.47 | G97: 1.49 | H97: =ROUND(G97+G97*$G$2,2) -> 1.86 | I97: =ROUND(F97*H97,2) -> 4998.69 | J97: 0.001471086
A98: 6.5.5 | B98: 96386 | C98: SINAPI | D98: EXECUÇÃO E COMPACTAÇÃO DE CORPO DE ATERRO (95% DE ENERGIA DO PROCTOR NORMAL) COM SOLO PREDOMINANTEMENTE ARENOSO ESPESSURA 15CM - EXCLUSIVE MATERIAL, ESCAVAÇÃO, CARGA E TRANSPORTE. AF_09/2024 | E98: m³ | F98: 2687.47 | G98: 6.81 | H98: =ROUND(G98+G98*$G$2,2) -> 8.51 | I98: =ROUND(F98*H98,2) -> 22870.37 | J98: 0.0071405493
A99: 6.6 | D99: SERVIÇOS COMPLEMENTARES | I99: =I100 -> 86206.4 | J99: 0.052823025
A100: 6.6.1 | B100: GCMURO | C100: Próprio | D100: GUARDA CORPO MURO | E100: M | F100: 160 | G100: =COMPOSIÇÕES!I58 -> 431.03 | H100: =ROUND(G100+G100*$G$2,2) -> 538.79 | I100: =ROUND(F100*H100,2) -> 86206.4 | J100: 0.032170798
...

Sheet ADM LOCAL
A2: PREFEITURA MUNICIPAL DE SANTA MARIA DAS BARREIRAS
A3: SECRETARIA MUNICIPAL DE OBRAS PÚBLICAS
A4: PLANILHA ORÇAMENTÁRIA
A5: OBRA : | B5: AMPLIAÇÃO DA ORLA DE SANTA MARIA DAS BARREIRAS
A6: LOCAL: | B6: SEDE DO MUNICIPIO
A7: DATA BASE: | B7: SINAPI FEV/2026
A8: =[1]ORÇAMENTO!A19 -> 3.0 | B8: =[1]ORÇAMENTO!C19 -> ADMINISTRAÇÃO LOCAL DA OBRA
A10: CPU-02 | B10: COMPOSIÇÃO
A11: FONTE | B11: CÓDIGO | C11: DESCRIÇÃO | F11: UND. | G11: QUANT. | H11: PREÇO (R$)
H12: UNITÁRIO | I12: TOTAL
A13: SINAPI | B13: 90777 | C13: ENGENHEIRO CIVIL DE OBRA JUNIORCOM ENCARGOS COMPLEMENTARES | F13: H | G13: =G19 -> 24 | H13: 137.06 | I13: =ROUND(G13*H13,2) -> 3289.44
A14: SINAPI | B14: 90776 | C14: ENCARREGADO GERAL COM ENCARGOS COMPLEMENTARES | F14: H | G14: =G20 -> 1152 | H14: 32.57 | I14: =ROUND(G14*H14,2) -> 37520.64
A15: TOTAL | I15: =SUM(I13:I14) -> 40810.08
A17: MEMÓRIA DE CÁLCULO
A18: Ref. | C18: h/dia | D18: dias/mês | E18: quant. Meses | F18: Quant
A19: Engenheiro Civil | C19: 2 | D19: 2 | E19: 6 | F19: 1 | G19: =ROUND((C19*D19*E19),2) -> 24
A20: Encarregado Geral | C20: 8 | D20: 24 | E20: 6 | F20: 1 | G20: =ROUND((C20*D20*E20*F20),2) -> 1152

Sheet MOBILIZAÇÃO
A2: PREFEITURA MUNICIPAL DE SANTA MARIA DAS BARREIRAS
A3: SECRETARIA MUNICIPAL DE OBRAS PÚBLICAS
A4: PLANILHA ORÇAMENTÁRIA
A5: OBRA : | B5: AMPLIAÇÃO DA ORLA DE SANTA MARIA DAS BARREIRAS
A6: LOCAL: | B6: SEDE DO MUNICIPIO- SANTA MARIA DAS BARREIRAS
A7: DATA BASE: | B7: SINAPI FEV/2026
A8: 2.0 | B8: MOBILIZAÇÃO E DESMOBILIZAÇÃO
A10: CPU-02 | B10: COMPOSIÇÃO
A11: FONTE | B11: CÓDIGO | C11: DESCRIÇÃO | F11: UND. | G11: QUANT. | H11: PREÇO (R$)
H12: UNITÁRIO | I12: TOTAL
A13: SINAPI | B13: 88316 | C13: SERVENTE DE DOBRA C/ ENCARGOS COMPLEMENTARES | F13: H | G13: 12 | H13: 25.66 | I13: =ROUND(G13*H13,2) -> 307.92
A14: SINAPI | B14: 5894 | C14: CAMINHÃO TOCO | F14: H | G14: 12 | H14: 228.01 | I14: =ROUND(G14*H14,2) -> 2736.12
A15: TOTAL | I15: =SUM(I13:I14) -> 3044.04

Sheet COMPOSIÇÕES
A2: PREFEITURA MUNICIPAL DE SANTA MARIA DAS BARREIRAS
A3: SECRETARIA MUNICIPAL DE OBRAS PÚBLICAS
A4: PLANILHA ORÇAMENTÁRIA
A5: OBRA : | B5: AMPLIAÇÃO DA ORLA DE SANTA MARIA DAS BARREIRAS
A6: LOCAL: | B6: SEDE DO MUNICIPIO- SANTA MARIA DAS BARREIRAS
A7: DATA BASE: | B7: SINAPI FEV/2026
A8: BAR OBRA | B8: BARRACÃO DA OBRA(3 X 4 M)
A10: CPU-03 | B10: COMPOSIÇÃO
A11: FONTE | B11: CÓDIGO | C11: DESCRIÇÃO | F11: UND. | G11: QUANT. | H11: PREÇO (R$)
H12: UNITÁRIO | I12: TOTAL
A13: SINAPI | B13: 88262 | C13: CARPINTEIRO COM ENCARGOS COMPLEMENTARES | F13: H | G13: 10 | H13: 30.5 | I13: =ROUND(G13*H13,2) -> 305
A14: SINAPI | B14: 88267 | C14: ENCANADOR COM ENCARGOS COMPLEMENTAES | F14: H | G14: 4 | H14: 30.54 | I14: =ROUND(G14*H14,2) -> 122.16
A15: SINAPI | B15: 98441 | C15: PAREDE DE MADEIRA COMPENSADA EM HAPA SIMPLES | F15: M² | G15: 39.75 | H15: 110.88 | I15: =ROUND(G15*H15,2) -> 4407.48
A16: SINAPI | B16: 98443 | C16: PAREDE DE MADEIRA COMPENSADA INTERNA | F16: M² | G16: 7.5 | H16: 87.54 | I16: =ROUND(G16*H16,2) -> 656.55
A17: SINAPI | B17: 88309 | C17: PEDREIRO COM ENCARGOS COMPLEMENTARES | F17: H | G17: 10 | H17: 31.1 | I17: =ROUND(G17*H17,2) -> 311
A18: SINAPI | B18: 98460 | C18: PISO PARA CONSTRUÇÃO TEMPORARIA EM MADEIRA | F18: M² | G18: 13.5 | H18: 88.22 | I18: =ROUND(G18*H18,2) -> 1190.97
A19: SINAPI | B19: 88316 | C19: SERVENTE COM ENCARGOS COMPLEMENTARES | F19: H | G19: 10 | H19: 25.66 | I19: =ROUND(G19*H19,2) -> 256.6
A20: SINAPI | B20: 94207 | C20: TELHAMENTO COM TELHA ONDULADA 6 MM | F20: M² | G20: 22 | H20: 72.73 | I20: =ROUND(G20*H20,2) -> 1600.06
A21: SINAPI | B21: 92544 | C21: TRAMA DE MADEIRA COMPOSTA POR TERÇAS | F21: M² | G21: 22 | H21: 23.63 | I21: =ROUND(G21*H21,2) -> 519.86
A22: SINAPI | B22: 119 | C22: ADESIVO PLASTICO BISNAGA 75 G | F22: UND. | G22: 0.5 | H22: 9.38 | I22: =ROUND(G22*H22,2) -> 4.69
A23: SINAPI | B23: 370 | C23: AREIA MEDIA | F23: M³ | G23: 0.27 | H23: 120 | I23: =ROUND(G23*H23,2) -> 32.4
A24: SINAPI | B24: 1030 | C24: CAIXA DE DESCARGA PLASTICA | F24: UND. | G24: 1 | H24: 49.45 | I24: =ROUND(G24*H24,2) -> 49.45
... A33: SINAPI | B33: 9868 | C33: TUBO PVC 25 MM | F33: M | G33: 18 | H33: 4.99 | I33: =ROUND(G33*H33,2) -> 89.82
A34: TOTAL | I34: =SUM(I13:I33) -> 9926.85
A36: CPU 4 | B36: BARBACAN - M
A38: BARB | B38: COMPOSIÇÃO
A39: FONTE | B39: CÓDIGO | C39: DESCRIÇÃO | F39: UND. | G39: QUANT. | H39: PREÇO (R$)
H40: UNITÁRIO | I40: TOTAL
A41: SINAPI | B41: 102715 | C41: GEOTEXTIL INSTALADO EM DRENO | F41: M² | G41: 1.2 | H41: 28.24 | I41: =ROUND(G41*H41,2) -> 33.89
A42: SINAPI | B42: 4718 | C42: PEDRA BRITADA Nº 2 | F42: M³ | G42: 0.045 | H42: 253.48 | I42: =ROUND(G42*H42,2) -> 11.41
A43: SINAPI | B43: 36084 | C43: TUBO PVC 50 MM | F43: M | G43: 1.8 | H43: 15.99 | I43: =ROUND(G43*H43,2) -> 28.78
A44: TOTAL | I44: =SUM(I41:I43) -> 74.08
A46: CPU 5 | B46: GUARDA CORPO- M
A48: GC MURO | B48: COMPOSIÇÃO
A49: FONTE | B49: CÓDIGO | C49: DESCRIÇÃO | F49: UND. | G49: QUANT. | H49: PREÇO (R$)
H50: UNITÁRIO | I50: TOTAL
A51: SINAPI | B51: 92759 | C51: ARMAÇÃO AÇO 5, 0MM | F51: M² | G51: 1.2 | H51: 14.17 | I51: =ROUND(G51*H51,2) -> 17
A52: SINAPI | B52: 92761 | C52: ARMAÇÃO AÇO 8.0 MM | F52: M³ | G52: 0.045 | H52: 12.04 | I52: =ROUND(G52*H52,2) -> 0.54
A53: SINAPI | B53: 102487 | C53: CONCRETO FCK =15 MPA | F53: M³ | G53: 0.05 | H53: 620.31 | I53: =ROUND(G53*H53,2) -> 31.02
A54: SINAPI | B54: 103670 | C54: LANÇAMENTO DE CONCRETO C/ USO DE BALDES | F54: M³ | G54: 0.05 | H54: 343.13 | I54: =ROUND(G54*H54,2) -> 17.16
A55: SINAPI | B55: 92435 | C55: FABRICAÇÃO DE FORMAS PARA PILARES- 12 UTILIZAÇÕES | F55: M² | G55: 0.75 | H55: 62.95 | I55: =ROUND(G55*H55,2) -> 47.21
A56: SINAPI | B56: 7696 | C56: TUBO DE AGO GALVANIZADO 2" | F56: M | G56: 2 | H56: 73.98 | I56: =ROUND(G56*H56,2) -> 147.96
A57: SINAPI | B57: 7693 | C57: TUBO DE AÇO GALVANIZADO 4" | F57: M | G57: 1 | H57: 170.14 | I57: =ROUND(G57*H57,2) -> 170.14
A58: TOTAL | I58: =SUM(I51:I57) -> 431.03
A59: CPU 6 | B59: PISO TÁTIL- M²
A60: PISO TATIL | B60: COMPOSIÇÃO
A61: FONTE | B61: CÓDIGO | C61: DESCRIÇÃO | F61: UND. | G61: QUANT. | H61: PREÇO (R$)
H62: UNITÁRIO | I62: TOTAL
A63: SINAPI | B63: 38135 | C63: PISO TATIL/PODOTATIL ,LADRILHO HIDRAULICO, CONCRETO 25X25, E=2,5 PADRDÃO TATIL/ALERTA OU DIRECIONAL- COR AMARELA | F63: M² | G63: 1.1 | H63: 94.99 | I63: =ROUND(G63*H63,2) -> 104.49
A64: SINAPI | B64: 88309 | C64: PEDREIRO COM ENCARGOS COMPLEMENTARES | F64: H | G64: 1.22 | H64: 32.75 | I64: =ROUND(G64*H64,2) -> 39.96
A65: SINAPI | B65: 88316 | C65: SERVENTE COM ENCARGOS COMPLEMENTARES | F65: H | G65: 1.22 | H65: 26.88 | I65: =ROUND(G65*H65,2) -> 32.79
A66: SINAPI | B66: 1379 | C66: CIMENTO CP-32 | F66: KG | G66: 0.16 | H66: 1.1 | I66: =ROUND(G66*H66,2) -> 0.18
A67: SINAPI | B67: 370 | C67: AREIA MÉDIA | F67: M³ | G67: 0.036 | H67: 120 | I67: =ROUND(G67*H67,2) -> 4.32
A68: SINAPI | B68: 7334 | C68: ADITIVO VEDALIT | F68: L | G68: 0.003 | H68: 20.06 | I68: =ROUND(G68*H68,2) -> 0.06
A69: TOTAL | I69: =SUM(I63:I68) -> 181.8

Sheet QCI
A7: PREFEITURA MUNICIPAL DE SANTA MARIA DAS BARREIRAS
A8: SECRETARIA MUNICIPAL DE OBRAS PÚBLICAS
A9: PLANILHA ORÇAMENTÁRIA
A10: OBRA : | B10: =CRONOGRAMA!B5 -> AMPLIAÇÃO DA ORLA DE SANTA MARIA DAS BARREIRAS
A11: LOCAL: | B11: =CRONOGRAMA!B6 -> SEDE DO MUNICIPIO- ZONA RURAL DE SANTA MARIA DAS BARREIRAS-PA
A12: DATA BASE: | B12: =CRONOGRAMA!B7 -> SINAPI FEV/2026 COM DESONERAÇÃO
A13: QCI- QUADRO DE COMPOSIÇÃO DE INVESTIMENTO
A16: 1 | B16: CONCEDENTE | C16: 2870210 | D16: =C16/C22 -> 0.82379098
A19: 2 | B19: PROPONENTE | C19: =C22-C16 -> 613938.37 | D19: =C19/C22 -> 0.17620902
A22: 3 | B22: TOTAL | C22: 3484148.4 | D22: =SUM(D16:D21) -> 1

Sheet CRONOGRAMA
A2: PREFEITURA MUNICIPAL DE SANTA MARIA DAS BARREIRAS
A3: SECRETARIA MUNICIPAL DE OBRAS PÚBLICAS
A4: PLANILHA ORÇAMENTÁRIA
A5: OBRA : | B5: AMPLIAÇÃO DA ORLA DE SANTA MARIA DAS BARREIRAS
A6: LOCAL: | B6: SEDE DO MUNICIPIO- ZONA RURAL DE SANTA MARIA DAS BARREIRAS-PA
A7: DATA BASE: | B7: SINAPI FEV/2026 COM DESONERAÇÃO
A8: Cronograma Físico- Financeiro
E10: MÊS 01 | F10: MÊS 02 | G10: MÊS 03 | H10: MÊS 04 | I10: MÊS 05 | J10: MÊS 06
A11: 1 | B11: ='Orçamento Sintético'!D5 -> SERVIÇOS PRELIMINARES | C11: ='Orçamento Sintético'!I5 -> 74022.44 | D11: =C11/$C$29 -> 0.02124549 | E11: 1
E12: =E11*+$C$11 -> 74022.44
A14: 2 | B14: ='Orçamento Sintético'!D8 -> MOBILIZAÇÃO/DESMOBILIZAÇÃO | C14: ='Orçamento Sintético'!I8 -> 7610.1 | D14: =C14/$C$29 -> 0.0021842066 | E14: 0.5 | J14: 0.5
E15: =E14*+$C$14 -> 3805.05 | F15: =F14*+$C$14 -> 0 | G15: =G14*+$C$14 -> 0 | H15: =H14*+$C$14 -> 0 | I15: =I14*+$C$14 -> 0 | J15: =J14*+$C$14 -> 3805.05
A17: 3 | B17: ='Orçamento Sintético'!D11 -> ADMINISTRAÇÃO LOCAL DA OBRA | C17: ='Orçamento Sintético'!I11 -> 51012.6 | D17: =C17/$C$29 -> 0.01464134 | E17: 0.1666 | F17: 0.1666 | G17: 0.1666 | H17: 0.1666 | I17: 0.1666 | J17: 0.1667
E18: =E17*+$C$17 -> 8498.6992 | F18: =F17*+$C$17 -> 8498.6992 | G18: =G17*+$C$17 -> 8498.6992 | H18: =H17*+$C$17 -> 8498.6992 | I18: =I17*+$C$17 -> 8498.6992 | J18: 8519.1
A20: 4 | B20: ='Orçamento Sintético'!D13 -> INSTALAÇÃO DE CANTEIRO DE OBRA | C20: ='Orçamento Sintético'!I13 -> 15058.25 | D20: =C20/$C$29 -> 0.0043219313 | E20: 1
E21: =C20 -> 15058.25
A23: 5 | B23: ='Orçamento Sintético'!D16 -> MURO TRECHO 1- 172,81 M | C23: ='Orçamento Sintético'!I16 -> 1550362.7 | D23: =C23/$C$29 -> 0.4449761 | E23: 0.2 | F23: 0.4 | G23: 0.4
E24: =E23*+$C$23 -> 310072.55 | F24: =F23*+$C$23 -> 620145.1 | G24: =G23*+$C$23 -> 620145.1
A26: 6 | B26: ='Orçamento Sintético'!D77 -> MURO TRECHO 2- 160 METROS | C26: ='Orçamento Sintético'!I77 -> 1786082.2 | D26: =C26/$C$29 -> 0.51263094 | F26: 0.1 | G26: 0.2 | H26: 0.2 | I26: 0.25 | J26: 0.25
E27: =E26*+$C$26 -> 0 | F27: =F26*+$C$26 -> 178608.22 | G27: =G26*+$C$26 -> 357216.45 | H27: =H26*+$C$26 -> 357216.45 | I27: =I26*+$C$26 -> 446520.56 | J27: =J26*+$C$26 -> 446520.56
A29: TOTAL | B29: TOTAL | C29: =SUM(C11:C28) -> 3484148.4 | D29: =SUM(D11:D28) -> 1 | E29: =E12+E15+E24+E27+E18+E21 -> 411456.99 | F29: =F12+F15+F24+F27+F18+F21 -> 807252.02 | G29: =G12+G15+G24+G27+G18+G21 -> 985860.24 | H29: =H12+H15+H24+H27+H18+H21 -> 365715.15 | I29: =I12+I15+I24+I27+I18+I21 -> 455019.26 | J29: =J12+J15+J24+J27+J18+J21 -> 458844.71
B30: ACUMULADO | C30: =1*C29 -> 3484148.4 | D30: 100 | E30: =E29 -> 411456.99 | F30: =F29+E30 -> 1218709 | G30: =G29+F30 -> 2204569.2 | H30: =H29+G30 -> 2570284.4 | I30: =I29+H30 -> 3025303.7 | J30: =J29+I30 -> 3484148.4
